 Dungeon Crawl Stone Soup version 0.29.1 (webtiles) character file.

Game seed: 177687204239650623

3 ragingrage the Caller (level 1, 0/13 HPs)
             Began as a Demonspawn Wanderer on Sept 14, 2022.
             Slain by a kobold
             ... wielding a +0 short sword
              (4 damage)
             ... on level 1 of the Dungeon.
             The game lasted 00:00:31 (166 turns).

ragingrage the Caller (Demonspawn Wanderer)          Turns: 166, Time: 00:00:31

Health: 0/13       AC:  2    Str: 13    XL:     1   Next: 41%
Magic:  1/2        EV: 10    Int: 13    God:
Gold:   0          SH:  4    Dex: 11    Spells: 1/2 levels left

rFire   . . .      SeeInvis .   a - +2 dagger
rCold   . . .      Faith    .   c - +0 buckler
rNeg    . . .      Spirit   .   e - +0 robe
rPois   .          Reflect  .   (no helmet)
rElec   .          Harm     .   (no cloak)
rCorr   .          Rampage  .   (no gloves)
Will    .....                   (no boots)
Stlth   ++........              (no amulet)
HPRegen 0.04/turn               (no ring)
MPRegen 0.08/turn               (no ring)

@: no status effects
A: no striking features
a: no special abilities


You were on level 1 of the Dungeon.
You visited 1 branch of the dungeon, and saw 1 of its levels.

Inventory:

Hand Weapons
 a - a +2 dagger (weapon)
Armour
 c - a +0 buckler (worn)
 e - a +0 robe (worn)
Scrolls
 b - a scroll of blinking
Potions
 d - a potion of berserk rage


   Skills:
 - Level 1.0 Throwing
 - Level 2.6 Stealth
 - Level 1.7 Shields
 - Level 1.0 Spellcasting
 + Level 3.2 Summonings


You had one spell level left.
You knew the following spells:

 Your Spells              Type           Power      Damage    Failure   Level
a - Summon Small Mammal   Summ           36%        N/A       10%         1

Your spell library contained the following spells:

 Spells                   Type           Power      Damage    Failure   Level
 Call Canine Familiar     Summ           9%         N/A       28%         3


Dungeon Overview and Level Annotations

Branches:
Dungeon (1/15)

Altars:


Message History

You barely miss the kobold.
The kobold is moderately wounded.
The kobold hits you with a +0 short sword.
You are too injured to fight recklessly!
You are too injured to fight recklessly!
You are too injured to fight recklessly!
You are too injured to fight recklessly!
You are too injured to fight recklessly!
You are too injured to fight recklessly!
You are too injured to fight recklessly!
You are too injured to fight recklessly!
You are too injured to fight recklessly!
Casting: Summon Small Mammal (safe; 10% risk of failure)
Confirm with . or Enter, or press ? or * to list all spells.
The kobold hits you with a +0 short sword.
Casting: Summon Small Mammal (safe; 10% risk of failure)
Confirm with . or Enter, or press ? or * to list all spells.
You don't have enough magic to cast this spell.
The kobold hits your bat but does no damage.
Your bat barely misses the kobold.
Your bat barely misses the kobold.
Your bat misses the kobold. Your bat hits the kobold.
The kobold barely misses your bat.
Your bat closely misses the kobold.
The kobold hits your bat with a +0 short sword.
Your bat dies!
Your bat's corpse disappears in a puff of smoke!
You barely miss the kobold.
The kobold is heavily wounded.
The kobold barely misses you.
You closely miss the kobold.
The kobold is heavily wounded.
The kobold hits you with a +0 short sword.
You hit the kobold.
The kobold is severely wounded.
The kobold barely misses you.
You closely miss the kobold.
The kobold is severely wounded.
The kobold hits you with a +0 short sword.
You die...

.. .# # .# #.#####.####
..........# # #†.># #.#
########.#
#.##...###.###........#
#..?..K........########
####..@###.##.##
#.......##.########
....>.#.....##.†.......
##.############'###+###
# #...#...# #...#≈.~#
#...#≈.~# #...#~.~# ≈
#...#~.~#≈≈


You could see a kobold.

Vanquished Creatures
  A dart slug (D:1)
  A bat (D:1)
2 creatures vanquished.

Notes
Turn   | Place    | Note
-------+----------+-------------------------------------------
     0 | D:1      | ragingrage the Demonspawn Wanderer began the quest for the
                  | Orb.
     0 | D:1      | ragingrage set off with the following items: a +2 dagger, a
                  | scroll of blinking, a +0 buckler, a potion of berserk rage,
                  | a +0 robe; and the following spell memorised: Summon Small
                  | Mammal; and the following spells available to memorise:
                  | Call Canine Familiar.
     0 | D:1      | Reached XP level 1. HP: 13/13 MP: 2/2
   166 | D:1      | Slain by a kobold

Illustrated notes

Levels and vault maps discovered:
D:1:      lightli_arrival_quake, layout_loops_cross,
          shapermc_ecumenical_altar_acropolis, corexii_item_surrounded_by_moat,
          minmay_misc_feat_more_columns

Action                   || total
-------------------------++-------
Melee: Dagger            ||    11
 Cast: Summon Small Mamm ||     5
Armor: Robe              ||     1
Dodge: Dodged            ||     5
Block: Buckler           ||     2
